 Dungeon Crawl Stone Soup version 0.31-a0-851-g7ff8af7976 (webtiles) character file.

Game seed: 16976735861383631862

332 rageheart7 the Ruffian (level 6, 0/47 HPs)
             Began as a Gnoll Shapeshifter on Oct 5, 2023.
             Slain by a gnoll
             ... wielding a +0 halberd
              (9 damage)
             ... on level 4 of the Dungeon.
             The game lasted 00:04:48 (3130 turns).

rageheart7 the Ruffian (Gnoll Shapeshifter)         Turns: 3130, Time: 00:04:48

Health: 0/47       AC:  2    Str: 17    XL:     6   Next: 52%
Magic:  18/18      EV: 13    Int: 16    God:
Gold:   129        SH:  0    Dex: 11    Spells: 9/9 levels left

rFire   . . .        k - +3 dagger (protect)
rCold   . . .        (no shield)
rNeg    + . .        a - +0 animal skin
rPois   .            (helmet currently unavailable)
rElec   .            (cloak currently unavailable)
rCorr   .            (gloves currently unavailable)
SInv    .            (boots currently unavailable)
Will    .....        (no amulet)
Stlth   ++           m - ring of magical power
HPRegen 0.27/turn    b - ring of Beqin {rN+ Str+2 Int+6}
MPRegen 0.16/turn

%: no passive effects
@: beast-form
A: beast (slay +3), fangs 1, strong nose, distributed training
a: Begin Untransformation


You were on level 4 of the Dungeon.
You were a hulking beast.
You visited 1 branch of the dungeon, and saw 4 of its levels.

You collected 129 gold pieces.

Inventory:

Hand Weapons
 k - a +3 dagger of protection (weapon)
Missiles
 i - 8 poisoned darts
Armour
 a - a +0 animal skin (worn)
Jewellery
 b - the ring of Beqin (right hand) {rN+ Str+2 Int+6}
   (You acquired it on level 4 of the Dungeon)

   [ring of intelligence]

   Str+2:     It affects your strength (+2).
   Int+6:     It affects your intelligence (+6).
   rN+:       It protects you from negative energy.
 m - a ring of magical power (left hand)
Talismans
 c - a beast talisman (active)
 d - a flux talisman
 p - a granite talisman
Wands
 g - a wand of flame (16)
Scrolls
 e - 2 scrolls of identify
 h - 2 scrolls of fog
 n - a scroll of fear {unknown}
 q - a scroll of amnesia {unknown}
 r - a scroll of noise {unknown}
 v - a scroll of immolation {unknown}
 w - a scroll of summoning {unknown}
Potions
 f - a potion of attraction
 j - a potion of might
 l - 2 potions of haste {unknown}
 o - a potion of heal wounds {unknown}
 s - a potion of mutation
 t - a potion of brilliance
 u - 2 potions of cancellation


   Skills:
 + Level 3.3 Fighting
 + Level 2.0 Short Blades
 + Level 2.0 Long Blades
 + Level 2.0 Axes
 + Level 2.0 Maces & Flails
 + Level 2.0 Polearms
 + Level 2.0 Staves
 + Level 2.0 Ranged Weapons
 + Level 2.0 Throwing
 + Level 2.0 Armour
 + Level 5.0 Dodging
 + Level 2.0 Stealth
 + Level 2.0 Shields
 + Level 6.8 Unarmed Combat
 + Level 2.0 Spellcasting
 + Level 1.6 Conjurations
 + Level 1.6 Hexes
 + Level 1.6 Summonings
 + Level 1.6 Necromancy
 + Level 1.6 Translocations
 + Level 1.6 Transmutations
 + Level 1.6 Fire Magic
 + Level 1.6 Ice Magic
 + Level 1.6 Air Magic
 + Level 1.6 Earth Magic
 + Level 1.6 Poison Magic
 + Level 2.2 Invocations
 + Level 2.0 Evocations
 + Level 6.8 Shapeshifting


You had 9 spell levels left.
You didn't know any spells.
Your spell library contained the following spells:

 Spells                   Type           Power      Damage    Failure   Level
 Slow                     Hex            24%        N/A       11%         1
 Poisonous Vapours        Pois/Air       12%        N/A       16%         2
 Confusing Touch          Hex            6%         N/A       32%         3
 Inner Flame              Hex/Fire       6%         N/A       32%         3
 Mephitic Cloud           Conj/Pois/Air  6%         N/A       32%         3
 Sigil of Binding         Hex            6%         N/A       32%         3
 Freezing Cloud           Conj/Ice/Air   3%         6-21      96%         5


Dungeon Overview and Level Annotations

Branches:
Dungeon (4/15)
 Temple: D:4-7

Altars:
Trog
The Shining One


Innate Abilities, Weirdness & Mutations

You are a hulking beast.
Your limbs bulge with bestial killing power. (Slay +3)
You have very sharp teeth.
Your uncanny sense of smell can sniff out nearby items.
Your experience applies equally to all skills.


Message History

You are too injured to fight recklessly!
You are too injured to fight recklessly!
You are too injured to fight recklessly!
You are too injured to fight recklessly!
You are too injured to fight recklessly!
You are too injured to fight recklessly!
You are too injured to fight recklessly!
You are too injured to fight recklessly!
You are too injured to fight recklessly!
You are too injured to fight recklessly!
You are too injured to fight recklessly!
You are too injured to fight recklessly!
You are too injured to fight recklessly!
You are too injured to fight recklessly!
You are too injured to fight recklessly!
The gnoll barely misses you. The gnoll attacks as it pursues you!
The gnoll misses you. The gnoll closely misses you.
The gnoll attacks as it pursues you! The gnoll barely misses you.
The gnoll attacks as it pursues you! The gnoll completely misses you.
The gnoll attacks as it pursues you! The gnoll closely misses you.
You hit the gnoll.
Your weapon exudes an aura of protection.
The gnoll is severely wounded.
The gnoll misses you. The gnoll hits you but does no damage.
You hit the gnoll but do no damage.
The gnoll is severely wounded.
The gnoll hits you from afar with a +0 halberd.
The gnoll hits you with a +0 whip.
Okay, then.
You puncture the gnoll!
You kill the gnoll!
The gnoll hits you from afar with a +0 halberd. x2
* * * LOW HITPOINT WARNING * * *
The gnoll attacks as it pursues you!
The gnoll hits you from afar with a +0 halberd.
* * * LOW HITPOINT WARNING * * *
The gnoll attacks as it pursues you! The gnoll closely misses you.
The gnoll attacks as it pursues you!
The gnoll hits you from afar with a +0 halberd!
You die...

........###..####..)..##......#..
......................##.........
......##.....#####....#....#....#
#....)........###.....#..........
.................................
.........................##......
.....[...............#...#.......
................[....#...........
........#...#.h................
....##.##...##.................
##! #. ##......g...##......... ∆
#. #.........g............
##.....................
#..†.............>....
.##.....................
...............##...#..#
................)...####


You could see 2 gnolls.

Vanquished Creatures
  A scorpion (D:4)
  A hound (D:3)
  Natasha (thrice) (D:3)
  4 gnolls
  3 adders
  A worm (D:2)
  2 dart slugs
  9 orcs
  10 endoplasms
  8 giant cockroaches
  4 goblins
  6 hobgoblins
  2 jackals (D:1)
  8 kobolds
  4 quokkas
  5 ball pythons
  6 bats
  3 frilled lizards
  7 rats
87 creatures vanquished.

Notes
Turn   | Place    | Note
-------+----------+-------------------------------------------
     0 | D:1      | rageheart7 the Gnoll Shapeshifter began the quest for the
                  | Orb.
     0 | D:1      | Reached XP level 1. HP: 17/17 MP: 1/1
   106 | D:1      | Reached XP level 2. HP: 23/23 MP: 2/2
   334 | D:1      | Reached XP level 3. HP: 28/28 MP: 3/3
   905 | D:2      | Reached skill level 1 in Invocations
   997 | D:2      | Reached skill level 1 in Short Blades
   997 | D:2      | Reached skill level 1 in Long Blades
   997 | D:2      | Reached skill level 1 in Axes
   997 | D:2      | Reached skill level 1 in Maces & Flails
   997 | D:2      | Reached skill level 1 in Polearms
   997 | D:2      | Reached skill level 1 in Staves
   997 | D:2      | Reached skill level 1 in Ranged Weapons
   997 | D:2      | Reached skill level 1 in Throwing
   997 | D:2      | Reached skill level 1 in Armour
   997 | D:2      | Reached skill level 1 in Stealth
   997 | D:2      | Reached skill level 1 in Shields
   997 | D:2      | Reached skill level 1 in Spellcasting
   997 | D:2      | Reached skill level 1 in Evocations
  1173 | D:2      | Reached XP level 4. HP: 28/34 MP: 5/5
  1462 | D:2      | Got a weird book
  1752 | D:3      | Noticed Natasha
  1764 | D:3      | Killed Natasha
  1765 | D:3      | Reached skill level 1 in Conjurations
  1765 | D:3      | Reached skill level 1 in Hexes
  1765 | D:3      | Reached skill level 1 in Summonings
  1765 | D:3      | Reached skill level 1 in Necromancy
  1765 | D:3      | Reached skill level 1 in Translocations
  1765 | D:3      | Reached skill level 1 in Transmutations
  1765 | D:3      | Reached skill level 1 in Fire Magic
  1765 | D:3      | Reached skill level 1 in Ice Magic
  1765 | D:3      | Reached skill level 1 in Air Magic
  1765 | D:3      | Reached skill level 1 in Earth Magic
  1765 | D:3      | Reached skill level 1 in Poison Magic
  1777 | D:3      | Reached XP level 5. HP: 13/40 MP: 7/7
  1882 | D:3      | Found a glowing golden altar of the Shining One.
  2251 | D:3      | Noticed Natasha
  2258 | D:3      | Killed Natasha
  2298 | D:3      | Noticed Natasha
  2310 | D:3      | Killed Natasha
  2311 | D:3      | Reached XP level 6. HP: 38/47 MP: 8/8
  2465 | D:3      | Found a bloodstained altar of Trog.
  2923 | D:4      | Identified a scroll of acquirement
  2923 | D:4      | Acquired the ring of Beqin {rN+ Str+2 Int+6}
  2965 | D:4      | Reached skill level 5 in Dodging
  3130 | D:4      | Slain by a gnoll

Illustrated notes

Levels and vault maps discovered:
D:1:      eino_arrival_cavern_b, layout_basic
D:2:      layout_loops_cross
D:3:      layout_loops_ring, mainiacjoe_overflow_alcove_4, tso_metal_star,
          minivault_23, solitary_fountain, chequers_serial_rivers_micro_b,
          uniq_natasha
D:4:      layout_cave_pools, minmay_quadrilaterals

Skill      XL: |  1  2  3  4  5  6 |
---------------+-------------------+-----
Invocations    | 1 2 |  2.2
Short Blades   | 1 2 |  2.0
Long Blades    | 1 2 |  2.0
Axes           | 1 2 |  2.0
Maces & Flails | 1 2 |  2.0
Polearms       | 1 2 |  2.0
Staves         | 1 2 |  2.0
Ranged Weapons | 1 2 |  2.0
Throwing       | 1 2 |  2.0
Armour         | 1 2 |  2.0
Stealth        | 1 2 |  2.0
Shields        | 1 2 |  2.0
Spellcasting   | 1 2 |  2.0
Evocations     | 1 2 |  2.0
Conjurations   | 1 |  1.6
Hexes          | 1 |  1.6
Summonings     | 1 |  1.6
Necromancy     | 1 |  1.6
Translocations | 1 |  1.6
Transmutations | 1 |  1.6
Fire Magic     | 1 |  1.6
Ice Magic      | 1 |  1.6
Air Magic      | 1 |  1.6
Earth Magic    | 1 |  1.6
Poison Magic   | 1 |  1.6
Fighting       | 3 |  3.3
Dodging        | 5 |  5.0
Unarmed Combat | |  6.8
Shapeshifting  | |  6.8

Action                     |  1- 3 |  4- 6 || total
---------------------------+-------+-------++-------
  Melee: Unarmed           |    37 |       ||    37
         Bite              |     8 |    10 ||    18
         Punch             |     2 |     8 ||    10
         Dagger            |    43 |   126 ||   169
    Use: Potion            |       |     2 ||     2
         Scroll            |       |    10 ||    10
   Stab: Sleeping          |     1 |     5 ||     6
         Distracted        |       |     1 ||     1
 Armour: Animal skin       |    29 |    46 ||    75
         Skin              |       |    52 ||    52
  Dodge: Dodged            |    43 |    75 ||   118

Table legend: (Time is in decaauts)
 A = Elapsed time spent in this place.
 B = Non-inter-level travel time spent in this place.
 C = Inter-level travel time spent in this place.
 D = Time resting spent in this place.
 E = Time spent auto-exploring this place.
 F = Levels seen in this place.
 G = Mean time per level.
                   A        B        C        D        E       F      G
               +--------+--------+--------+--------+--------+-----+--------+
         Total |   3115 |   2947 |    168 |     32 |   2383 |   4 |  778.8 |
       Dungeon |   3115 |   2947 |    168 |     32 |   2383 |   4 |  778.8 |
               +--------+--------+--------+--------+--------+-----+--------+

Top non-repeatable levels by time:
     D:3: 1188 daAuts
     D:1: 898 daAuts
     D:2: 817 daAuts
     D:4: 210 daAuts
